 Dungeon Crawl Stone Soup version 0.19.4-8-ga85b6b9 (webtiles) character file.

48 empire the Conjurer (level 3, -1/24 HPs)
             Began as a Mummy Conjurer on Feb 8, 2017.
             Slain by a bullfrog skeleton (6 damage)
             ... on level 4 of the Dungeon.
             The game lasted 00:03:36 (1736 turns).

empire the Conjurer (Mummy Conjurer)                Turns: 1736, Time: 00:03:37

Health: -1/24      AC:  2    Str: 11    XL:     3   Next: 50%
Magic:  0/6        EV: 12    Int: 15    God:
Gold:   41         SH:  0    Dex: 12    Spells: 1 memorised, 5 levels left

rFire  x . .     SeeInvis .     a - +0 short sword
rCold  + . .     Gourm    .     c - +0 robe
rNeg   + + +     Faith    .     (no shield)
rPois  ∞         Spirit   .     (no helmet)
rElec  .         Reflect  .     (no cloak)
rCorr  .         Harm     .     (no gloves)
MR     .....                    (no boots)
Stlth  ++........               (no amulet)
                                (no ring)
                                (no ring)

@: no status effects
A: no food or potions, fire vulnerability, cold resistance 1, negative energy
resistance 3, torment resistance, unbreathing
a: no special abilities


You were on level 4 of the Dungeon.
You were not hungry.

You visited 1 branch of the dungeon, and saw 4 of its levels.

You collected 41 gold pieces.

Inventory:

Hand Weapons
 a - a +0 short sword (weapon)
Armour
 c - a +0 robe (worn)
Jewellery
 e - an uncursed amulet of rage
Scrolls
 h - a scroll of fear {unknown}
 i - a scroll of teleportation {unknown}
 j - a scroll of identify {unknown}
Books
 b - a book of Conjurations

   Spells                             Type                      Level
   a - Magic Dart                     Conjuration                  1
   b - Searing Ray                    Conjuration                  2
   c - Dazzling Spray                 Conjuration/Hexes            3
   d - Fulminant Prism                Conjuration/Hexes            4
   e - Iskenderun's Mystic Blast      Conjuration                  4
   f - Iskenderun's Battlesphere      Conjuration/Charms           5


   Skills:
 - Level 1.5 Dodging
 - Level 1.5 Stealth
 - Level 2.0 Spellcasting
 + Level 4.3 Conjurations


You had 5 spell levels left.
You knew the following spells:

 Your Spells              Type           Power        Failure   Level  Hunger
a - Magic Dart            Conj           ##..         4%          1    N/A

Dungeon Overview and Level Annotations

Branches:
Dungeon (4/15)
 Temple: D:4-7

Altars:
The Shining One


Innate Abilities, Weirdness & Mutations

You do not eat or drink.
Your flesh is vulnerable to fire.
You are immune to poison.
Your flesh is cold resistant. (rC+)
You are immune to negative energy. (rN+++)
You are immune to unholy pain and torment.
You can survive without breathing.


Message History

The scorpion is lightly wounded.
The scorpion closely misses you.
A bullfrog skeleton comes into view.
Found a murky pink potion.
The bullfrog skeleton barely misses you.
The bullfrog skeleton hits you.
Found a club.
The bullfrog skeleton hits you.
* * * LOW HITPOINT WARNING * * *
The bullfrog skeleton hits you.
* * * LOW HITPOINT WARNING * * *
Casting: Magic Dart
Confirm with . or Enter, or press ? or * to list all spells.
Aiming: Magic Dart
Press: ? - help, Shift-Dir - straight line, f/p - scorpion
Aim: a scorpion (inner flame)
The magic dart hits the bullfrog skeleton.
The bullfrog skeleton is lightly damaged.
The bullfrog skeleton hits you.
You die...

.......#
....(.##
#.#
.......#
#.#
...)...#
#.#
.......#
#.#
.......##
#.#
........#
#.#
......#s#
#.#
.....##.#
#@# #####
#.# #Z#
#.### #.##
#...##
#s)#
###..###
##.#
##...# #.#
###.# #.#
#.####.###
#........#


You could see a scorpion (inner flame) and a bullfrog skeleton.

Vanquished Creatures
  2 adders (D:3)
  An ooze (D:2)
  A dart slug (D:1)
  2 leopard geckos (D:1)
  An orc (D:3)
  A giant cockroach (D:2)
  3 goblins
  3 hobgoblins
  2 bats (D:1)
  3 frilled lizards
  3 kobolds
  A rat (D:1)
23 creatures vanquished.

Notes
Turn   | Place    | Note
-------+----------+-------------------------------------------
     0 | D:1      | empire the Mummy Conjurer began the quest for the Orb.
     0 | D:1      | Reached XP level 1. HP: 13/13 MP: 3/3
   422 | D:1      | Reached XP level 2. HP: 2/19 MP: 0/5
  1224 | D:2      | Reached skill level 4 in Conjurations
  1566 | D:3      | Found a glowing golden altar of the Shining One.
  1580 | D:3      | Reached XP level 3. HP: 24/24 MP: 0/6
  1699 | D:4      | Noticed a scorpion
  1736 | D:4      | Slain by a bullfrog skeleton

Skill      XL: |  1  2 |
---------------+-------+-----
Conjurations   | 4 |  4.3
Dodging        | |  1.5
Stealth        | |  1.5
Spellcasting   | |  2.0

Action                   || total
-------------------------++-------
Melee: Dagger            ||     7
       Unarmed           ||     3
       Short sword       ||    32
 Cast: Magic Dart        ||    59
  Use: Scroll            ||     3
 Stab: Sleeping          ||     1
Armor: Robe              ||     8
Dodge: Dodged            ||    28
